 Dungeon Crawl Stone Soup version 0.31-a0-1620-gcbf77bbcfc (webtiles) character file.

Game seed: 15703796133158805521

116 Tialis the Ruffian (level 5, -3/46 HPs)
             Began as a Ghoul Monk on Jan 11, 2024.
             Killed by divine providence
             ... invoked by an orc priest
              (13 damage)
             ... on level 3 of the Dungeon.
             The game lasted 00:07:08 (1849 turns).

Tialis the Ruffian (Ghoul Monk)                     Turns: 1849, Time: 00:07:09

Health: -3/46      AC:  3    Str: 15    XL:     5   Next: 1%
Magic:  5/5        EV: 12    Int: 11    God:
Gold:   96         SH:  0    Dex: 11    Spells: 4/4 levels left

rFire   + .          .
                       - Unarmed
rCold   + . .        (no shield)
rNeg    + + +        a - +0 robe
rPois   ∞            f - +0 hat
rElec   .            q - +0 cloak
rCorr   .            (no gloves)
SInv    .            (no boots)
Will    .....        (no amulet)
Stlth   +            n - ring of protection from fire
HPRegen 0.00/turn    (no ring)
MPRegen 0.09/turn

%: no passive effects
@: inhibited regen
A: claws 1, cold resistance 1, negative energy resistance 3, inhibited
regeneration, torment resistance 2, devour on kill
a: no special abilities


You were on level 3 of the Dungeon.
You visited 1 branch of the dungeon, and saw 3 of its levels.

You collected 96 gold pieces.

Inventory:

Hand Weapons
 s - a +0 flail of venom
Missiles
 h - a throwing net (quivered)
Armour
 a - a +0 robe (worn)
 c - an orb of light
 f - a +0 hat (worn)
 m - a +2 buckler of protection
 q - a +0 cloak (worn)
Jewellery
 n - a ring of protection from fire (left claw)
Scrolls
 d - 3 scrolls of fear {unknown}
 e - a scroll of identify {unknown}
 l - a scroll of torment {unknown}
 o - a scroll of noise {unknown}
 p - a scroll of amnesia {unknown}
Potions
 b - a potion of ambrosia
 g - a potion of curing {unknown}
 i - a potion of degeneration {unknown}
 j - a potion of lignification {unknown}
 k - a potion of attraction {unknown}
 r - 2 potions of mutation {unknown}


   Skills:
 + Level 3.7 Fighting
 + Level 3.2 Dodging
 + Level 0.4 Stealth
 * Level 5.3 Unarmed Combat


You had 4 spell levels left.
You didn't know any spells.
Your spell library was empty.

Dungeon Overview and Level Annotations

Branches:
Dungeon (3/15)

Altars:
Gozag

Annotations:
D:2 Sigmund


Innate Abilities, Weirdness & Mutations

You are immune to poison.
You have sharp fingernails.
Your flesh is cold resistant. (rC+)
You are immune to negative energy. (rN+++)
You do not regenerate when monsters are visible.
You are immune to unholy pain and torment.
You thrive by killing the living.


Message History

You finish taking off your orb of light.
You barely miss the hobgoblin. Your claw misses the hobgoblin.
The hobgoblin hits you.
You scratch the hobgoblin.
The hobgoblin is almost dead.
The hobgoblin hits you.
You barely miss the hobgoblin.
The hobgoblin is almost dead.
The hobgoblin barely misses you.
You scratch the hobgoblin.
You kill the hobgoblin!
You feel better.
You scratch the orc priest.
The orc priest is lightly wounded.
The orc priest barely misses you.
The orc priest looks satisfied for a moment.
You closely miss the orc priest.
The orc priest is lightly wounded.
You scratch the orc priest.
The orc priest is heavily wounded.
The orc priest hits you with a +0 club.
The orc priest invokes the aid of Beogh against you.
Beogh smites you!
* * * LOW HITPOINT WARNING * * *
What are your orders? t - Shout!
Orders for allies: a - Attack new target. r - Retreat! s - Stop attacking. g - Guard the area. f - Follow me.
Anything else - Cancel.
Okay, then.
Throw: 2 throwing nets
Press: ? - help, Shift-Dir - straight line, f - orc priest
Aim: an orc priest, wielding a +0 club (52% to hit)
You throw a throwing net.
The throwing net completely misses the orc priest.
The throwing net hits the orc priest.
The orc priest is caught in the net!
The orc priest calls down the wrath of Beogh upon you.
Beogh smites you!
You die...

#..# #..#
######..#####.
#.............
#.####....#.#######
##...........#
...###....###
#####o###.#.##
.....oo@..#.#
......#####.# #####
#.# #.# #.# #.# #.#


You could see 2 orc priests and an orc.

Vanquished Creatures
  An orc wizard (D:3)
  Terence (D:2)
  2 adders (D:2)
  A dart slug (D:1)
  5 endoplasms (D:1)
  3 giant cockroaches
  5 goblins
  4 hobgoblins
  3 kobolds
  3 quokkas
  4 ball pythons
  3 bats
  3 frilled lizards
  7 rats
45 creatures vanquished.

Notes
Turn   | Place    | Note
-------+----------+-------------------------------------------
     0 | D:1      | Tialis the Ghoul Monk began the quest for the Orb.
     0 | D:1      | Reached XP level 1. HP: 19/19 MP: 1/1
   194 | D:1      | Reached XP level 2. HP: 26/26 MP: 2/2
   488 | D:1      | Reached skill level 4 in Unarmed Combat
   503 | D:1      | Reached XP level 3. HP: 29/31 MP: 3/3
  1105 | D:2      | Noticed Sigmund
  1206 | D:2      | Found an opulent altar of Gozag.
  1554 | D:2      | Reached XP level 4. HP: 39/40 MP: 4/4
  1582 | D:2      | Noticed Terence
  1592 | D:2      | HP: 2/40 [Terence/+0 flail of venom (6)]
  1594 | D:2      | Killed Terence
  1595 | D:2      | Reached skill level 5 in Unarmed Combat
  1837 | D:3      | Reached XP level 5. HP: 32/46 MP: 5/5
  1849 | D:3      | Killed from afar by an orc priest

Illustrated notes

Levels and vault maps discovered:
D:1:      eino_arrival_tree_alley, layout_loops_corners,
          dreamdust_princess_corridor
D:2:      layout_rooms, serial_forest, infiniplex_forest_straight_2,
          infiniplex_forest_corner_2, infiniplex_forest_straight_2,
          infiniplex_forest_clump_medium, infiniplex_forest_lined_4_way,
          infiniplex_forest_corner_1, basic_altar, nicolae_eternal_life,
          uniq_terence, uniq_sigmund
D:3:      layout_loops_ring, mainiacjoe_overflow_cross_hatched

Skill      XL: |  1  2  3  4 |
---------------+-------------+-----
Unarmed Combat | 4 5 |  5.3
Dodging        | 3 |  3.2
Fighting       | |  3.7
Stealth        | |  0.4

Action                     |  1- 3 |  4- 6 || total
---------------------------+-------+-------++-------
  Melee: Unarmed           |   106 |    37 ||   143
         Punch             |     4 |     2 ||     6
  Throw: Throwing net      |       |     1 ||     1
   Stab: Sleeping          |     1 |       ||     1
 Armour: Robe              |    41 |    27 ||    68
  Dodge: Dodged            |    67 |    16 ||    83

Table legend: (Time is in decaauts)
 A = Elapsed time spent in this place.
 B = Non-inter-level travel time spent in this place.
 C = Inter-level travel time spent in this place.
 D = Time resting spent in this place.
 E = Time spent auto-exploring this place.
 F = Levels seen in this place.
 G = Mean time per level.
                   A        B        C        D        E       F      G
               +--------+--------+--------+--------+--------+-----+--------+
         Total |   1840 |   1573 |    267 |    157 |    953 |   3 |  613.3 |
       Dungeon |   1840 |   1573 |    267 |    157 |    953 |   3 |  613.3 |
               +--------+--------+--------+--------+--------+-----+--------+

Top non-repeatable levels by time:
     D:1: 1175 daAuts
     D:2: 584 daAuts
     D:3: 80 daAuts
